 Dungeon Crawl Stone Soup version 0.27-a0-1206-g6342a01c75 (webtiles) character file.

Game seed: 6196231426558601343

302 Glokmah the Insei (level 6, -6/39 HPs)
             Began as an Octopode Transmuter on June 5, 2021.
             Was a Follower of Nemelex Xobeh.
             Killed by divine providence
             ... invoked by an orc priest
              (15 damage)
             ... on level 4 of the Dungeon.
             The game lasted 00:07:04 (4422 turns).

Glokmah the Insei (Octopode Transmuter)             Turns: 4422, Time: 00:07:05

Health: -6/39      AC:  2    Str: 11    XL:     6   Next: 37%
Magic:  7/10       EV: 19    Int: 15    God:    Nemelex Xobeh [*.....]
Gold:   163        SH:  0    Dex: 18    Spells: 4/10 levels left

rFire    . . .     SeeInvis .     - Unarmed
rCold    . . .     Faith    .   (shield currently unavailable)
rNeg     . . .     Spirit   .   (helmet currently unavailable)
rPois    x         Reflect  .   (no amulet)
rElec    .         Harm     .   (no ring)
rCorr    .         Rampage  .   (no ring)
Will     .....                  (no ring)
Stlth    ++........             (no ring)
HPRegen  0.13/turn              (no ring)
MPRegen  0.12/turn              (no ring)
                                (no ring)
                                (no ring)

@: spider-form (expiring), wereblooded
A: venomous fangs, almost no armour, (amphibious), 8 rings, tiny, (camouflage
1), (gelatinous body 1), (nimble swimmer 1), (tentacles)
a: End Transformation, Renounce Religion, Draw Escape, Draw Destruction, Draw
Summoning


You were on level 4 of the Dungeon.
You worshipped Nemelex Xobeh.
Nemelex Xobeh was aware of your devotion.
You were a venomous arachnid creature.
You visited 1 branch of the dungeon, and saw 4 of its levels.

You collected 163 gold pieces.

Inventory:

Missiles
 d - 54 poisoned darts
Scrolls
 a - 2 scrolls of magic mapping {unknown}
 b - a scroll of identify {unknown}
 f - 2 scrolls of enchant weapon {unknown}
 g - a scroll of holy word {unknown}
 j - a scroll of teleportation {unknown}
 m - a scroll of amnesia {unknown}
Potions
 c - a potion of flight {unknown}
 e - a potion of curing {unknown}
 h - 2 potions of might
 i - a potion of berserk rage {unknown}
 k - a potion of degeneration {unknown}
 l - a potion of attraction {unknown}


   Skills:
 + Level 2.3 Fighting
 - Level 2.0 Dodging
 * Level 4.3 Unarmed Combat
 + Level 2.8 Spellcasting
 * Level 3.7 Transmutations
 + Level 2.0 Poison Magic
 * Level 1.7 Invocations


You had 4 spell levels left.
You knew the following spells:

 Your Spells              Type           Power      Damage    Failure   Level
a - Beastly Appendage     Tmut           26%        N/A       13%         1
b - Wereblood             Tmut           13%        N/A       19%         2
c - Spider Form           Tmut/Pois      5%         N/A       38%         3

Your spell library contained the following spells:

 Spells                   Type           Power      Damage    Failure   Level
 Ice Form                 Ice/Tmut       7%         N/A       85%         4
 Hydra Form               Tmut           6%         N/A       90%         5


Dungeon Overview and Level Annotations

Branches:
Dungeon (4/15)
 Temple: D:4-7

Altars:
Hepliaklqana
Nemelex Xobeh
Ru
Lugonu

Portals:
Abyss: D:4

Annotations:
D:4 2 runed translucent doors


Innate Abilities, Weirdness & Mutations

You are a venomous arachnid creature.
You have poisonous fangs.
You are tiny and dextrous.
Your spellcasting is less reliable in this form.
Your armour is entirely melded.
You are incapable of wielding weapons or throwing items.
You cannot wear most types of armour.
((You are amphibious.))
You can wear up to eight rings at the same time.
((Your skin changes colour to match your surroundings (Stealth+).))
((Your rubbery body absorbs attacks. (AC +1, EV +1)))
((You are camouflaged near water. (Stealth+)))
((You have tentacles for arms and can constrict up to eight enemies at once.))


Message History

An orc and an orc wizard come into view.
The orc shouts!
An orc priest comes into view. It is wielding a +0 morningstar.
An orc wizard comes into view. It is wielding a +0 dagger.
The orc wizard completely misses you. The orc hits you with a +0 hand axe.
Casting: Wereblood (safe; 7% risk of failure)
Confirm with . or Enter, or press ? or * to list all spells.
Your blood is infused with primal strength.
The orc wizard shouts!
The orc wizard points at itself and mumbles some strange words.
The orc wizard flickers and vanishes!
Deactivating autopickup; reactivate with Ctrl-A.
The orc wizard gestures at you while chanting.
The orc misses you.
Casting: Wereblood (safe; 7% risk of failure)
Confirm with . or Enter, or press ? or * to list all spells.
The spell is quite dangerous to cast (19% risk of failure)!
Continue anyway?
You turn into a venomous arachnid creature.
The orc priest calls down the wrath of Beogh upon you.
Beogh smites you! Something barely misses you. The orc barely misses you.
You hit something. Something hits you. The orc closely misses you.
You hit something. Something hits you. The orc barely misses you.
You hit something. Something hits you. The orc hits you with a +0 hand axe.
Reactivating autopickup.
You feel a bit more experienced.
Your Poison Magic skill increases to level 2!
The orc priest mumbles some strange prayers to Beogh against you.
Beogh smites you!
* * * LOW HITPOINT WARNING * * *
Okay, then.
Your transformation is almost over.
The orc wizard casts a spell at itself.
The orc wizard flickers and vanishes!
Deactivating autopickup; reactivate with Ctrl-A.
There is an open door here.
The orc priest calls down the wrath of Beogh upon you.
Beogh smites you!
You die...
Your body disappears without a glow.

########..[...#
........#......#......#
#........#......'......#
#........#......#......#
#........#...##'#......####
#........#...##.###........
+........#....#...#........
#...o....#....#...#.[#####.
#......J.'s...#>..#.##§§§##
##+####..o.....########+###.§∩§§#
#........#####........ ##§K§##
#......o.# #........ ##
#......J.# #........ ##### §§
#.......o# #........ ....§§§
#........# #........ ...§.
#......).# #........ ....
#........# #........ #..# ##


You could see an orc priest, an orc and an endoplasm.

Vanquished Creatures
  An orc priest (D:4)
  An iguana (D:4)
  Natasha (thrice) (D:2)
  3 orc wizards (D:4)
  2 adders
  An ufetubus (D:4)
  A worm (D:3)
  A dart slug (D:1)
  8 orcs
  5 ball pythons
  8 bats
  5 endoplasms
  3 giant cockroaches
  5 goblins
  8 hobgoblins
  A quokka (D:2)
  2 frilled lizards (D:1)
  6 kobolds
  3 rats
  A butterfly (D:3)
68 creatures vanquished.

Notes
Turn   | Place    | Note
-------+----------+-------------------------------------------
     0 | D:1      | Glokmah the Octopode Transmuter began the quest for the
                  | Orb.
     0 | D:1      | Reached XP level 1. HP: 13/13 MP: 3/3
    48 | D:1      | Reached XP level 2. HP: 13/18 MP: 3/5
    54 | D:1      | Learned a level 2 spell: Wereblood
   347 | D:1      | Reached XP level 3. HP: 19/23 MP: 6/6
   427 | D:1      | Learned a level 3 spell: Spider Form
  1061 | D:2      | Found a faded altar of an unknown god.
  1265 | D:2      | Noticed Natasha
  1730 | D:2      | You fall into a shaft and drop 1 floor!
  2062 | D:2      | Killed Natasha
  2063 | D:2      | Reached XP level 4. HP: 29/29 MP: 1/7
  2264 | D:2      | Noticed Natasha
  2272 | D:2      | Killed Natasha
  2273 | D:2      | Reached skill level 1 in Poison Magic
  2467 | D:2      | Noticed Natasha
  2476 | D:2      | Killed Natasha
  2477 | D:2      | Reached XP level 5. HP: 20/34 MP: 4/8
  2620 | D:3      | Found a sparkling altar of Nemelex Xobeh.
  2626 | D:3      | Became a worshipper of Nemelex Xobeh the Trickster
  2995 | D:3      | Found a sacrificial altar of Ru.
  2995 | D:3      | Found a hazy altar of Hepliaklqana.
  3096 | D:3      | Reached skill level 4 in Unarmed Combat
  3355 | D:3      | Reached * piety under Nemelex Xobeh
  3799 | D:4      | Reached skill level 1 in Invocations
  3810 | D:4      | Reached XP level 6. HP: 3/39 MP: 2/10
  4102 | D:4      | Found a large runed translucent door.
  4102 | D:4      | Found a large runed translucent door.
  4106 | D:4      | Found a corrupted altar of Lugonu.
  4324 | D:4      | Found a one-way gate to the infinite horrors of the Abyss.
  4422 | D:4      | Killed from afar by an orc priest

Illustrated notes

Levels and vault maps discovered:
D:1:      dpeg_arrival_fog, layout_rooms, st_stairs_14, due_unseen_surprise
D:2:      layout_loops_cross, hellmonk_ecumenical_altar_prayer_group,
          chequers_serial_rivers_room_b, grunt_ministairs_7, uniq_natasha
D:3:      layout_loops_ring, nemelex_xobeh_ov_fountains_minmay,
          gammafunk_temple_overflow_pools, hangedman_glass_garden
D:4:      due_chaos_kobolds, layout_gridville, minmay_starry_boxes

Skill      XL: |  1  2  3  4  5  6 |
---------------+-------------------+-----
Transmutations | 3 |  3.7
Poison Magic   | 1 2 |  2.0
Unarmed Combat | 4 |  4.3
Fighting       | 2 |  2.3
Invocations    | 1 |  1.7
Dodging        | |  2.0
Spellcasting   | |  2.8

Action                   |  1- 3 |  4- 6 || total
-------------------------+-------+-------++-------
Melee: Unarmed           |    77 |    77 ||   154
       Constrict         |    21 |    11 ||    32
       Kick              |     9 |       ||     9
       Tentacles         |     8 |     9 ||    17
       Punch             |     1 |     4 ||     5
 Cast: Beastly Appendage |     6 |       ||     6
       Wereblood         |     5 |     3 ||     8
       Spider Form       |     2 |     5 ||     7
 Stab: Sleeping          |     2 |     6 ||     8
Armor: Skin              |     4 |     3 ||     7
Dodge: Dodged            |    41 |    47 ||    88

Table legend: (Time is in decaauts)
 A = Elapsed time spent in this place.
 B = Non-inter-level travel time spent in this place.
 C = Inter-level travel time spent in this place.
 D = Time resting spent in this place.
 E = Time spent auto-exploring this place.
 F = Levels seen in this place.
 G = Mean time per level.
                   A        B        C        D        E       F      G
               +--------+--------+--------+--------+--------+-----+--------+
         Total |   4425 |   4048 |    377 |    944 |   2473 |   4 | 1106.2 |
       Dungeon |   4425 |   4048 |    377 |    944 |   2473 |   4 | 1106.2 |
               +--------+--------+--------+--------+--------+-----+--------+

Top non-repeatable levels by time:
     D:2: 1696 daAuts
     D:1: 938 daAuts
     D:4: 898 daAuts
     D:3: 893 daAuts
